 Dungeon Crawl Stone Soup version 0.30-b1-6-gad0e9d6a2d (webtiles) character file.

Game seed: 5259412162910422627

494 Mysteryquy the Ruffian (level 6, -5/61 HPs)
             Began as a Troll Berserker on May 5, 2023.
             Was an Elder of Trog.
             Shot with an arrow by a centaur (12 damage)
             ... on level 5 of the Dungeon.
             The game lasted 00:04:20 (4063 turns).

Mysteryquy the Ruffian (Troll Berserker)            Turns: 4063, Time: 00:04:20

Health: -5/61      AC:  4    Str: 26    XL:     6   Next: 92%
Magic:  5/5        EV: 10    Int:  3    God:    Trog [****..]
Gold:   274        SH:  0    Dex: 11    Spells: 5/5 levels left

rFire   . .          .
                       - Unarmed
rCold   . . .        (no shield)
rNeg    . . .        a - +0 animal skin
rPois   .            (helmet restricted)
rElec   .            (no cloak)
rCorr   .            (gloves unavailable)
SInv    .            (boots unavailable)
Will    .....        (no amulet)
Stlth   +            (no ring)
HPRegen 1.10/turn    (no ring)
MPRegen 0.09/turn

%: no passive effects
@: no status effects
A: large, unfitting armour, claws 3, regeneration 1, shaggy fur 1, tough skin 1
a: Renounce Religion, Berserk, Trog's Hand, Brothers in Arms


You were on level 5 of the Dungeon.
You worshipped Trog.
Trog was greatly pleased with you.
You visited 1 branch of the dungeon, and saw 5 of its levels.
You also visited: Sewer.

You collected 274 gold pieces.

Inventory:

Armour
 a - a +0 animal skin (worn)
Jewellery
 d - a +6 ring of dexterity
 g - a ring of protection from cold
 s - a ring of positive energy
Wands
 t - a wand of mindburst (7)
Scrolls
 b - a scroll of immolation {unknown}
 c - 7 scrolls of identify {unknown}
 e - 3 scrolls of poison {unknown}
 f - 2 scrolls of silence {unknown}
 o - 4 scrolls of blinking {unknown}
 p - a scroll of teleportation {unknown}
 u - a scroll of torment {unknown}
Potions
 h - 2 potions of brilliance {unknown}
 i - a potion of haste {unknown}
 j - a potion of attraction {unknown}
 k - 3 potions of degeneration
 l - a potion of mutation {unknown}
 m - a potion of resistance {unknown}
 n - 4 potions of flight
 q - a potion of might {unknown}
 r - a potion of lignification {unknown}


   Skills:
 + Level 3.4 Fighting
 + Level 3.7 Dodging
 + Level 1.0 Stealth
 + Level 6.0 Unarmed Combat


You had 5 spell levels left.
You didn't know any spells.
Your spell library was empty.

Dungeon Overview and Level Annotations

Branches:
Dungeon (5/15)              Sewer (visited)
 Temple: D:4-7

Altars:
Ashenzari
Cheibriados
Fedhas
Kikubaaqudgha
Nemelex Xobeh
Okawaru
Qazlal
Ru
Xom

Shops:
D:3 [


Innate Abilities, Weirdness & Mutations

You are too large for most types of armour.
You have claws for hands.
Your natural rate of healing is unusually fast.
You are covered in fur. (AC +1)
You have tough skin. (AC +1)


Message History

There is an open door here.
Key pressed, stopping explore.
No target in view!
No target in view!
No target in view!
No target in view!
No target in view!
There is an open door here.
There is an open door here.
A centaur comes into view.
The centaur wields a +0 shortbow.
The centaur shoots an arrow.
The arrow hits you.
The centaur shoots an arrow.
The arrow hits you!
You hear an angry hiss.
Found 5 gold pieces.
The centaur shoots an arrow.
The arrow hits you!
The centaur shoots an arrow.
The arrow hits you.
An adder comes into view.
An ogre comes into view. It is wielding a +0 giant club.
The centaur shoots an arrow.
The arrow hits you!
You are too injured to fight recklessly!
You are too injured to fight recklessly!
You are too injured to fight recklessly!
You are too injured to fight recklessly!
You are too injured to fight recklessly!
You are too injured to fight recklessly!
You are too injured to fight recklessly!
You are too injured to fight recklessly!
You are too injured to fight recklessly!
You are too injured to fight recklessly!
You are too injured to fight recklessly!
You are too injured to fight recklessly!
You are too injured to fight recklessly!
You are too injured to fight recklessly!
You are too injured to fight recklessly!
You are too injured to fight recklessly!
You are too injured to fight recklessly!
You are too injured to fight recklessly!
The centaur shoots an arrow.
The arrow hits you!
* * * LOW HITPOINT WARNING * * *
The centaur shoots an arrow.
The arrow hits you!
You die...

#..O...... #......c.. ####
#.......S. ##### ...# #.........
#.... ...# #......... #.... ...#
..$####......... #.... ...#
................ #.... ...#
######.######## #.... #### #@#
#.... #.# ##### #.# ### #####.#
#####.. #.....##########...#.#
#.##..................
#.##.................#
############.##.....[.........#.#
.............##...............#'#


You could see a centaur.

Vanquished Creatures
  A black bear (D:5)
  A scorpion (D:5)
  2 iguanas (D:4)
  A sleepcap (D:4)
  An orc wizard (D:3)
  3 adders
  6 river rats
  2 ufetubi (D:5)
  8 worms
  2 dart slugs (D:3)
  17 orcs
  4 endoplasms
  4 giant cockroaches
  8 goblins
  6 hobgoblins
  8 jackals
  6 kobolds
  5 quokkas
  18 ball pythons
  8 bats
  5 frilled lizards
  6 rats
122 creatures vanquished.

Notes
Turn   | Place    | Note
-------+----------+-------------------------------------------
     0 | D:1      | Mysteryquy the Troll Berserker began the quest for the Orb.
     0 | D:1      | Reached XP level 1. HP: 22/22 MP: 0/0
   162 | D:1      | Reached XP level 2. HP: 29/29 MP: 1/1
   679 | D:2      | Reached XP level 3. HP: 36/36 MP: 2/2
   691 | D:2      | Reached ** piety under Trog
  1548 | D:3      | Reached XP level 4. HP: 45/45 MP: 3/3
  1555 | D:3      | Reached skill level 4 in Unarmed Combat
  1601 | D:3      | Found Fuimurug's Antique Armour Boutique.
  1646 | D:3      | Found a broken altar of Ashenzari.
  2345 | D:4      | Reached XP level 5. HP: 39/53 MP: 4/4
  2360 | D:4      | Found a glowing drain.
  2374 | Sewer    | Entered a sewer
  2530 | Sewer    | Reached *** piety under Trog
  2609 | Sewer    | Reached skill level 5 in Unarmed Combat
  3044 | D:4      | Reached XP level 6. HP: 58/61 MP: 5/5
  3088 | D:4      | Found a sparkling altar of Nemelex Xobeh.
  3089 | D:4      | Found a snail-covered altar of Cheibriados.
  3089 | D:4      | Found a stormy altar of Qazlal.
  3091 | D:4      | Found a shimmering altar of Xom.
  3091 | D:4      | Found an iron altar of Okawaru.
  3299 | D:4      | Found an ancient bone altar of Kikubaaqudgha.
  3299 | D:4      | Found a sacrificial altar of Ru.
  3299 | D:4      | Found a blossoming altar of Fedhas.
  3464 | D:5      | Entered Level 5 of the Dungeon
  3662 | D:5      | Reached **** piety under Trog
  3725 | D:5      | Reached skill level 1 in Stealth
  3725 | D:5      | Reached skill level 6 in Unarmed Combat
  4063 | D:5      | Shot with an arrow by a centaur

Illustrated notes

Levels and vault maps discovered:
D:1:      shiori_arrival_elements, layout_rooms, minmay_pentomino_p2
D:2:      layout_basic
D:3:      layout_basic, ashenzari_conservatory_becter, serial_shops,
          nicolae_shop_real_fake_doors, chequers_hall_statues_wall_a
D:4:      layout_basic, grunt_temple_overflow_open, portal_sewer_entry_a,
          minivault_1
D:5:      layout_basic, serial_shops, shop

Skill      XL: |  1  2  3  4  5  6 |
---------------+-------------------+-----
Dodging        | 3 |  3.7
Fighting       | 3 |  3.4
Unarmed Combat | 4 5 6 |  6.0
Stealth        | 1 |  1.0

Action                     |  1- 3 |  4- 6 || total
---------------------------+-------+-------++-------
  Melee: Unarmed           |   108 |   178 ||   286
         Punch             |     1 |     4 ||     5
   Stab: Sleeping          |       |     2 ||     2
 Armour: Animal skin       |    34 |    62 ||    96
  Dodge: Dodged            |    51 |    92 ||   143
